3L
SEATTLE ROCKETEERS @ MONTANA PANDAS
07/13/2039
 
TOP OF THE 1ST
Seattle Rocketeers batting - Pitching for Montana Pandas : RHP De John Cleland
Pitching: RHP De John Cleland
Batting: SHB Lodd Felton 0-0: Fly out, F8 (Line Drive, 8LM, EV 91.9 MPH)
Batting: RHB Meester Gobbles-Rooster 0-0: Ball
1-0: SINGLE (Flyball, 9LS, EV 85.0 MPH)
Batting: RHB Alain Grosjean 0-0: Swinging Strike
0-1: Ball
1-1: Called Strike
1-2: Foul Ball, location: 2F
1-2: 2-RUN HOME RUN (Flyball, 7LD, EV 103.8 MPH), Distance : 340 ft
Batting: SHB Glyn Bolasky 0-0: Called Strike
0-1: Swinging Strike
0-2: Strikes out looking
Batting: RHB Claudio Tappen 0-0: SINGLE (Groundball, 34D, EV 95.6 MPH)
Batting: SHB Charles Geudre 0-0: Called Strike
0-1: Ball
1-1: Ball
2-1: Ball
3-1: Called Strike
3-2: SINGLE (Groundball, 4MD, EV 94.4 MPH)
Claudio Tappen to second
Claudio Tappen to third
Batting: RHB Jurgen Flurgenburgen 0-0: Ball
1-0: Called Strike
1-1: SINGLE (Groundball, 34, EV 97.5 MPH) (infield hit)
Claudio Tappen scores
Charles Geudre to second
Batting: SHB Obke Preesman 0-0: Ball
1-0: Ball
2-0: Called Strike
2-1: Ball
3-1: Base on Balls
Charles Geudre to third
Jurgen Flurgenburgen to second
Batting: SHB Joam Francia 0-0: Foul Ball, location: 2F
0-1: Ball
1-1: DOUBLE (Line Drive, 78D, EV 100.6 MPH)
Charles Geudre scores
Jurgen Flurgenburgen scores
Obke Preesman to third
Runner from 3rd tries for Home, SAFE, throw by CF to home
Pitching: RHP Marcos Mesorana
Batting: SHB Lodd Felton 0-0: Foul Ball, location: 2F
0-1: SINGLE (Groundball, 4, EV 105.6 MPH) (infield hit)
Joam Francia to third
Batting: RHB Meester Gobbles-Rooster 0-0: Ball
1-0: Foul Ball, location: 2F
1-1: Ball
2-1: Ball
3-1: Fielders Choice at 2nd, 6-4 (Groundball, 6, EV 98.8 MPH)
Top of the 1st over - 6 runs, 7 hits, 0 errors, 2 left on base; Seattle 6 - Montana 0
BOTTOM OF THE 1ST
Montana Pandas batting - Pitching for Seattle Rocketeers : LHP Luqman Barcoo
Pitching: LHP Luqman Barcoo
Batting: RHB Jon Huband 0-0: Ball
1-0: Ball
2-0: Foul Ball, location: 2F
2-1: Ball
3-1: Foul Ball, location: 2F
3-2: Base on Balls
Batting: RHB Panas Pletnev 0-0: Called Strike
Jon Huband steals 2nd base
0-1: Swinging Strike
0-2: Ball
1-2: Ball
2-2: SINGLE (Groundball, 34D, EV 94.4 MPH)
Jon Huband to third
Runner from 3rd tries for Home, SAFE, no throw by RF
Batting: LHB DeMarvion Overshown 0-0: Ball
1-0: Ball
2-0: Ball
3-0: Base on Balls
Panas Pletnev to second
Batting: RHB Edgar Baeza 0-0: Ball
1-0: Ball
2-0: Ball
3-0: Base on Balls
Panas Pletnev to third
DeMarvion Overshown to second
Batting: RHB Wilbur Davis 0-0: Foul Ball, location: 2F
0-1: Foul Ball, location: 2F
0-2: Ball
1-2: Ball
2-2: Ball
3-2: Reached on error, E5 (Groundball, 56, EV 76.2 MPH)
Panas Pletnev scores
DeMarvion Overshown to third
Edgar Baeza to second
Batting: RHB Steven Rohrs 0-0: Ball
1-0: Fielders Choice at 2nd, 6-4 (Groundball, 6, EV 78.1 MPH)
DeMarvion Overshown scores
Edgar Baeza to third
Batting: RHB Anselmo Berneu 0-0: Called Strike
0-1: Ball
1-1: Ball
2-1: Called Strike
2-2: Strikes out swinging
Batting: RHB Urs van Munster 0-0: SINGLE (Line Drive, 78S, EV 110.0 MPH)
Edgar Baeza scores
Steven Rohrs to second
Runner from 2nd tries for 3rd, SAFE, throw by LF made to third
Batting: RHB Norm Chodorow 0-0: Ball
1-0: Foul Ball, location: 2F
1-1: Swinging Strike
1-2: Ball
2-2: Foul Ball, location: 2F
2-2: Foul Ball, location: 2F
2-2: Fly out, F4 (Popup, 4S, EV 60.0 MPH)
Bottom of the 1st over - 4 runs, 2 hits, 1 error, 2 left on base; Seattle 6 - Montana 4
TOP OF THE 2ND
Seattle Rocketeers batting - Pitching for Montana Pandas : RHP Marcos Mesorana
Batting: RHB Alain Grosjean 0-0: Ball
1-0: Foul Ball, location: 2F
1-1: Fly out, F8 (Flyball, 8RM, EV 84.4 MPH)
Batting: SHB Glyn Bolasky 0-0: Called Strike
0-1: Ball
1-1: SINGLE (Groundball, 4MD, EV 106.2 MPH)
Batting: RHB Claudio Tappen 0-0: Ball
1-0: SINGLE (Groundball, 6MD, EV 98.8 MPH)
Glyn Bolasky to second
Runner from 2nd tries for 3rd, SAFE, throw by CF made to third
Batting: SHB Charles Geudre 0-0: Fly out, F8 (Line Drive, 8RD, EV 84.4 MPH)
Batting: RHB Jurgen Flurgenburgen 0-0: Ball
1-0: TRIPLE (Line Drive, 89XD, EV 96.9 MPH)
Glyn Bolasky scores
Claudio Tappen scores
Batting: SHB Obke Preesman 0-0: Called Strike
0-1: Ball
1-1: Ball
2-1: Fly out, F7 (Flyball, 78M, EV 88.1 MPH)
Top of the 2nd over - 2 runs, 3 hits, 0 errors, 1 left on base; Seattle 8 - Montana 4
BOTTOM OF THE 2ND
Montana Pandas batting - Pitching for Seattle Rocketeers : LHP Luqman Barcoo
Batting: RHB Jon Huband 0-0: Called Strike
0-1: Ball
1-1: Foul Ball, location: 2F
1-2: Strikes out swinging
Batting: RHB Panas Pletnev 0-0: Called Strike
0-1: Foul Ball, location: 2F
0-2: Ball
1-2: Ball
2-2: Ball
3-2: Base on Balls
Batting: LHB DeMarvion Overshown 0-0: Ball
1-0: Called Strike
1-1: Called Strike
1-2: Foul Ball, location: 2F
1-2: Ball
2-2: Strikes out swinging
Batting: RHB Edgar Baeza 0-0: Foul Ball, location: 2F
0-1: Foul Ball, location: 2F
0-2: Ball
1-2: Fly out, F8 (Flyball, 8LD, EV 99.4 MPH)
Bottom of the 2nd over - 0 runs, 0 hits, 0 errors, 1 left on base; Seattle 8 - Montana 4
TOP OF THE 3RD
Seattle Rocketeers batting - Pitching for Montana Pandas : RHP Marcos Mesorana
Batting: SHB Joam Francia 0-0: Ball
1-0: Called Strike
1-1: Ball
2-1: Called Strike
2-2: Strikes out swinging
Pitching: LHP Ricky McCauley
Batting: SHB Lodd Felton 0-0: Called Strike
0-1: Ball
1-1: Foul Ball, location: 2F
1-2: Ball
2-2: Ball
3-2: Foul Ball, location: 2F
3-2: Foul Ball, location: 2F
3-2: TRIPLE (Flyball, 89XD, EV 96.2 MPH)
Batting: RHB Meester Gobbles-Rooster 0-0: Called Strike
0-1: Swinging Strike
0-2: Ball
1-2: Strikes out swinging
Batting: RHB Alain Grosjean 0-0: Ball
1-0: Single, Error in OF, E7, batter to second base (Groundball, 56D, EV 96.2 MPH)
Lodd Felton scores
Batting: SHB Glyn Bolasky 0-0: Called Strike
0-1: Swinging Strike
0-2: Ball
1-2: Strikes out swinging
Top of the 3rd over - 1 run, 2 hits, 1 error, 1 left on base; Seattle 9 - Montana 4
BOTTOM OF THE 3RD
Montana Pandas batting - Pitching for Seattle Rocketeers : LHP Luqman Barcoo
Batting: RHB Wilbur Davis 0-0: Foul Ball, location: 2F
0-1: Ball
1-1: Ball
2-1: Ball
3-1: Called Strike
3-2: Strikes out swinging
Batting: RHB Steven Rohrs 0-0: Fly out, F7 (Flyball, 7LS, EV 89.4 MPH)
Batting: RHB Anselmo Berneu 0-0: Ground out 4-3 (Groundball, 4M, EV 111.2 MPH)
Bottom of the 3rd over - 0 runs, 0 hits, 0 errors, 0 left on base; Seattle 9 - Montana 4
TOP OF THE 4TH
Seattle Rocketeers batting - Pitching for Montana Pandas : LHP Ricky McCauley
Batting: RHB Claudio Tappen 0-0: Ground out 6-3 (Groundball, 6, EV 86.2 MPH)
Batting: SHB Charles Geudre 0-0: Swinging Strike
0-1: Ball
1-1: Called Strike
1-2: Foul Ball, location: 2F
1-2: Strikes out looking
Batting: RHB Jurgen Flurgenburgen 0-0: Called Strike
0-1: Ball
1-1: Ball
2-1: Foul Ball, location: 2F
2-2: Strikes out swinging
Top of the 4th over - 0 runs, 0 hits, 0 errors, 0 left on base; Seattle 9 - Montana 4
BOTTOM OF THE 4TH
Montana Pandas batting - Pitching for Seattle Rocketeers : LHP Luqman Barcoo
Batting: RHB Urs van Munster 0-0: Fly out, F8 (Flyball, 8RXD, EV 94.4 MPH)
Batting: RHB Norm Chodorow 0-0: Ball
1-0: Ball
2-0: Foul Ball, location: 2F
2-1: Ball
3-1: Fly out, F9 (Flyball, 9, EV 88.8 MPH)
Batting: RHB Jon Huband 0-0: Ground out 5-3 (Groundball, 56S, EV 86.9 MPH)
Bottom of the 4th over - 0 runs, 0 hits, 0 errors, 0 left on base; Seattle 9 - Montana 4
TOP OF THE 5TH
Seattle Rocketeers batting - Pitching for Montana Pandas : LHP Ricky McCauley
Batting: SHB Obke Preesman 0-0: Ball
1-0: Called Strike
1-1: Ball
2-1: SINGLE (Groundball, 34D, EV 104.4 MPH)
Pitching: RHP Jiong Bao
Batting: SHB Joam Francia 0-0: Ball
1-0: Ball
2-0: Called Strike
2-1: Foul Ball, location: 2F
2-2: Strikes out swinging
Batting: SHB Lodd Felton 0-0: Ball
1-0: Ball
2-0: Ball
3-0: Base on Balls
Obke Preesman to second
Batting: RHB Meester Gobbles-Rooster 0-0: Ball
1-0: Foul Ball, location: 2F
1-1: Fielders Choice at 2nd, 6-4 (Groundball, 6M, EV 101.2 MPH)
Obke Preesman to third
Batting: RHB Alain Grosjean 0-0: Ball
1-0: Foul Ball, location: 2F
1-1: SINGLE (Line Drive, 7S, EV 87.5 MPH)
Obke Preesman scores
Meester Gobbles-Rooster to second
Batting: SHB Glyn Bolasky 0-0: Ball
1-0: Called Strike
1-1: SINGLE (Groundball, 34S, EV 65.6 MPH) (infield hit)
Meester Gobbles-Rooster to third
Alain Grosjean to second
Batting: RHB Claudio Tappen 0-0: Called Strike
0-1: Foul Ball, location: 2F
0-2: Ball
1-2: Foul Ball, location: 2F
1-2: Foul Ball, location: 2F
1-2: Ball
2-2: Ball
3-2: SINGLE (Line Drive, 89S, EV 92.5 MPH)
Meester Gobbles-Rooster scores
Alain Grosjean to third
Glyn Bolasky to second
Alain Grosjean scores
Glyn Bolasky to third
Batting: SHB Charles Geudre 0-0: Ball
1-0: Ground out 4-3 (Groundball, 34, EV 83.8 MPH)
Top of the 5th over - 3 runs, 4 hits, 0 errors, 2 left on base; Seattle 12 - Montana 4
BOTTOM OF THE 5TH
Montana Pandas batting - Pitching for Seattle Rocketeers : LHP Luqman Barcoo
Batting: RHB Panas Pletnev 0-0: Ball
1-0: Ground out 5-3 (Groundball, 56S, EV 65.6 MPH)
Batting: LHB DeMarvion Overshown 0-0: Ground out 4-3 (Groundball, 4, EV 86.9 MPH)
Batting: RHB Edgar Baeza 0-0: Foul Ball, location: 2F
0-1: Swinging Strike
0-2: Ball
1-2: SINGLE (Line Drive, 8LS, EV 93.1 MPH)
Batting: RHB Wilbur Davis 0-0: Called Strike
0-1: Foul Ball, location: 2F
0-2: Strikes out swinging
Bottom of the 5th over - 0 runs, 1 hit, 0 errors, 1 left on base; Seattle 12 - Montana 4
TOP OF THE 6TH
Seattle Rocketeers batting - Pitching for Montana Pandas : RHP Jiong Bao
Batting: RHB Jurgen Flurgenburgen 0-0: Ball
1-0: Foul Ball, location: 2F
1-1: SINGLE (Groundball, 6MD, EV 105.6 MPH)
Pitching: RHP António Alomar
Batting: SHB Obke Preesman 0-0: Ball
1-0: Called Strike
1-1: Hit by Pitch
Jurgen Flurgenburgen to second
Batting: SHB Joam Francia 0-0: Called Strike
0-1: Called Strike
0-2: Foul Ball, location: 2F
0-2: Ball
1-2: Foul Ball, location: 2F
1-2: Strikes out looking
Batting: SHB Lodd Felton 0-0: Ball
1-0: Ball
2-0: Called Strike
2-1: Fly out, F8 (Flyball, 89D, EV 101.9 MPH)
Runner from 2nd tags up, SAFE at 3rd, no throw by CF
Batting: RHB Meester Gobbles-Rooster 0-0: Called Strike
0-1: Ball
1-1: Foul Ball, location: 2F
1-2: Ball
2-2: Foul Ball, location: 2F
2-2: Foul Ball, location: 2F
2-2: Strikes out swinging
Top of the 6th over - 0 runs, 1 hit, 0 errors, 2 left on base; Seattle 12 - Montana 4
BOTTOM OF THE 6TH
Montana Pandas batting - Pitching for Seattle Rocketeers : LHP Luqman Barcoo
Batting: RHB Steven Rohrs 0-0: SINGLE (Line Drive, 9S, EV 102.5 MPH)
Batting: RHB Anselmo Berneu 0-0: Ball
1-0: Ball
2-0: Called Strike
2-1: Foul Ball, location: 2F
2-2: Foul Ball, location: 2F
2-2: SINGLE (Flyball, 7LS, EV 84.4 MPH)
Steven Rohrs to second
Batting: RHB Urs van Munster 0-0: Called Strike
0-1: Ball
1-1: Ball
2-1: Ball
3-1: Base on Balls
Steven Rohrs to third
Anselmo Berneu to second
Batting: RHB Norm Chodorow 0-0: SINGLE (Flyball, 9LS, EV 91.9 MPH)
Steven Rohrs scores
Anselmo Berneu to third
Urs van Munster to second
Batting: RHB Jon Huband 0-0: Foul Ball, location: 2F
0-1: Ball
1-1: SINGLE (Groundball, 56D, EV 104.4 MPH)
Anselmo Berneu scores
Urs van Munster to third
Norm Chodorow to second
Runner from 3rd tries for Home, SAFE, no throw by LF
Pitching: RHP Okura Yamasaki
Batting: RHB Panas Pletnev 0-0: Ball
1-0: Foul Ball, location: 2F
1-1: Swinging Strike
1-2: Strikes out swinging
Batting: LHB DeMarvion Overshown 0-0: Called Strike
0-1: Ball
1-1: Foul Ball, location: 2F
1-2: Ball
2-2: Ball
3-2: Strikes out swinging
Batting: RHB Edgar Baeza 0-0: Ball
1-0: Called Strike
1-1: SINGLE (Line Drive, 4D, EV 96.2 MPH)
Norm Chodorow to third
Jon Huband to second
Runner from 3rd tries for Home, SAFE, throw by CF to home
Batting: RHB Wilbur Davis 0-0: Foul Ball, location: 2F
0-1: Foul Ball, location: 2F
0-2: Foul Ball, location: 2F
0-2: Ball
1-2: Ball
2-2: Foul Ball, location: 2F
2-2: Fly out, F3 (Popup, 23F, EV 81.9 MPH)
Bottom of the 6th over - 4 runs, 5 hits, 0 errors, 2 left on base; Seattle 12 - Montana 8
TOP OF THE 7TH
Seattle Rocketeers batting - Pitching for Montana Pandas : RHP António Alomar
Pitching: RHP Ignacio Uribe
Batting: RHB Alain Grosjean 0-0: Called Strike
0-1: Foul Ball, location: 2F
0-2: Ball
1-2: Ball
2-2: Fly out, F7 (Flyball, 7S, EV 78.1 MPH)
Batting: SHB Glyn Bolasky 0-0: Ball
1-0: Foul Ball, location: 2F
1-1: Ball
2-1: Ground out 4-3 (Groundball, 4, EV 85.0 MPH)
Batting: RHB Claudio Tappen 0-0: SINGLE (Groundball, 56D, EV 100.0 MPH)
Batting: SHB Charles Geudre 0-0: Ball
1-0: Ball
2-0: Called Strike
2-1: Called Strike
2-2: SINGLE (Flyball, 78S, EV 83.8 MPH)
Claudio Tappen to second
Pitching: RHP Jorge Villanueva
Batting: RHB Jurgen Flurgenburgen 0-0: Ball
1-0: Foul Ball, location: 2F
1-1: Ball
2-1: 3-RUN HOME RUN (Flyball, 7LD, EV 90.0 MPH), Distance : 344 ft
Batting: SHB Obke Preesman 0-0: Called Strike
0-1: Foul Ball, location: 2F
0-2: Ball
1-2: SINGLE (Line Drive, 34D, EV 105.6 MPH)
Batting: SHB Joam Francia 0-0: Foul Ball, location: 2F
0-1: Ground out 3-1 (Groundball, 34, EV 100.0 MPH)
Top of the 7th over - 3 runs, 4 hits, 0 errors, 1 left on base; Seattle 15 - Montana 8
BOTTOM OF THE 7TH
Montana Pandas batting - Pitching for Seattle Rocketeers : RHP Okura Yamasaki
Batting: RHB Steven Rohrs 0-0: Called Strike
0-1: Swinging Strike
0-2: Ball
1-2: Fly out, F9 (Line Drive, 9, EV 96.9 MPH)
Batting: RHB Anselmo Berneu 0-0: Ball
1-0: Called Strike
1-1: Foul Ball, location: 2F
1-2: Ball
2-2: Foul Ball, location: 2F
2-2: Ball
3-2: Fly out, F9 (Flyball, 89M, EV 71.9 MPH)
Batting: RHB Urs van Munster 0-0: Ball
1-0: Called Strike
1-1: Ball
2-1: Foul Ball, location: 2F
2-2: Strikes out swinging
Bottom of the 7th over - 0 runs, 0 hits, 0 errors, 0 left on base; Seattle 15 - Montana 8
TOP OF THE 8TH
Seattle Rocketeers batting - Pitching for Montana Pandas : RHP Jorge Villanueva
Batting: SHB Lodd Felton 0-0: Ball
1-0: Ball
2-0: Ball
3-0: Base on Balls
Pitching: RHP Roberto Silva
Batting: RHB Meester Gobbles-Rooster 0-0: Called Strike
0-1: Swinging Strike
0-2: Ball
1-2: Fielders Choice at 2nd, 1-4 (Groundball, 25, EV 68.1 MPH)
Batting: RHB Alain Grosjean 0-0: Swinging Strike
Pickoff Throw to First - Out! 1-3
0-1: Ball
1-1: SINGLE (Line Drive, 7S, EV 91.9 MPH)
Batting: SHB Glyn Bolasky 0-0: Foul Ball, location: 2F
0-1: Ball
1-1: SINGLE (Groundball, 4D, EV 96.9 MPH)
Alain Grosjean to second
Batting: RHB Claudio Tappen 0-0: Ball
1-0: SINGLE (Line Drive, 34, EV 96.2 MPH)
Alain Grosjean to third
Glyn Bolasky to second
Runner from 3rd tries for Home, SAFE, no throw by RF
Batting: SHB Charles Geudre 0-0: Ball
1-0: Ball
2-0: 3-RUN HOME RUN (Flyball, 9D, EV 106.9 MPH), Distance : 340 ft
Pitching: LHP Shohei Otani
Batting: RHB Jurgen Flurgenburgen 0-0: Ball
1-0: Ball
2-0: Ball
3-0: Called Strike
3-1: Base on Balls
Batting: SHB Obke Preesman 0-0: Ball
1-0: Ball
2-0: SINGLE (Line Drive, 8LS, EV 88.1 MPH)
Jurgen Flurgenburgen to second
Batting: SHB Joam Francia 0-0: Ball
1-0: Ball
2-0: Called Strike
2-1: Fielders Choice at 2nd, 5-4 (Groundball, 56, EV 106.2 MPH)
Top of the 8th over - 4 runs, 5 hits, 0 errors, 2 left on base; Seattle 19 - Montana 8
BOTTOM OF THE 8TH
Montana Pandas batting - Pitching for Seattle Rocketeers : RHP Okura Yamasaki
Batting: RHB Norm Chodorow 0-0: Ball
1-0: Ball
2-0: Fly out, F9 (Flyball, 9D, EV 76.9 MPH)
Batting: RHB Jon Huband 0-0: Ball
1-0: Ball
2-0: Ball
3-0: Base on Balls
Batting: RHB Panas Pletnev 0-0: Foul Ball, location: 2F
0-1: Ball
1-1: Foul Ball, location: 2F
1-2: Ball
2-2: Foul Ball, location: 2F
2-2: Foul Ball, location: 2F
2-2: Fielders Choice at 2nd, 3-6 (Groundball, 34S, EV 85.0 MPH)
Batting: LHB DeMarvion Overshown 0-0: Ball
1-0: Ball
2-0: Foul Ball, location: 2F
2-1: Ball
3-1: Ground out 2-3 (Groundball, 2L, EV 73.1 MPH)
Bottom of the 8th over - 0 runs, 0 hits, 0 errors, 1 left on base; Seattle 19 - Montana 8
TOP OF THE 9TH
Seattle Rocketeers batting - Pitching for Montana Pandas : LHP Shohei Otani
Batting: SHB Lodd Felton 0-0: SINGLE (Groundball, 4MS, EV 84.4 MPH) (infield hit)
Batting: RHB Meester Gobbles-Rooster 0-0: Called Strike
0-1: Called Strike
0-2: Strikes out swinging
Batting: RHB Alain Grosjean 0-0: Called Strike
0-1: 2-RUN HOME RUN (Flyball, 9D, EV 100.0 MPH), Distance : 360 ft
Batting: SHB Glyn Bolasky 0-0: Foul Ball, location: 2F
0-1: Ball
1-1: Fly out, F8 (Flyball, 8RD, EV 97.5 MPH)
Batting: RHB Claudio Tappen 0-0: Called Strike
0-1: Foul Ball, location: 2F
0-2: Ball
1-2: Foul Ball, location: 2F
1-2: Ball
2-2: Foul Ball, location: 2F
2-2: Foul Ball, location: 2F
2-2: Ball
3-2: Foul Ball, location: 2F
3-2: Base on Balls
Batting: SHB Charles Geudre 0-0: Called Strike
0-1: SINGLE (Flyball, 89M, EV 90.0 MPH)
Claudio Tappen to second
Pitching: RHP Melito Báez
Batting: RHB Jurgen Flurgenburgen 0-0: Ball
1-0: Ball
2-0: Called Strike
2-1: SINGLE (Groundball, 56D, EV 96.9 MPH)
Claudio Tappen to third
Charles Geudre to second
Runner from 3rd tries for Home, SAFE, throw by LF to home
Batting: SHB Obke Preesman 0-0: Ball
1-0: Foul Ball, location: 2F
1-1: Foul Ball, location: 2F
1-2: SINGLE (Groundball, 4MD, EV 98.1 MPH)
Charles Geudre to third
Jurgen Flurgenburgen to second
Runner from 3rd tries for Home, SAFE, no throw by CF
Batting: SHB Joam Francia 0-0: Ball
1-0: Ball
2-0: Called Strike
2-1: Ball
Passed Ball!
Jurgen Flurgenburgen to third
Obke Preesman to second
3-1: Foul Ball, location: 2F
3-2: Base on Balls
Batting: SHB Lodd Felton 0-0: Called Strike
0-1: Ball
1-1: Ball
2-1: Called Strike
2-2: Strikes out swinging
Top of the 9th over - 4 runs, 5 hits, 0 errors, 3 left on base; Seattle 23 - Montana 8
BOTTOM OF THE 9TH
Montana Pandas batting - Pitching for Seattle Rocketeers : RHP Okura Yamasaki
Batting: RHB Edgar Baeza 0-0: SINGLE (Line Drive, 6MD, EV 108.8 MPH)
Pitching: RHP Suhaila Zainuddin
Batting: RHB Wilbur Davis 0-0: Foul Ball, location: 2F
0-1: Hit by Pitch
Edgar Baeza to second
Batting: RHB Steven Rohrs 0-0: Foul Ball, location: 2F
0-1: Ball
1-1: Foul Ball, location: 2F
1-2: Ball
2-2: SINGLE (Line Drive, 4D, EV 96.9 MPH)
Edgar Baeza to third
Wilbur Davis to second
Batting: RHB Anselmo Berneu 0-0: Foul Ball, location: 2F
0-1: Ball
1-1: Swinging Strike
1-2: Ball
2-2: Fly out, F8 (Flyball, 8RD, EV 97.5 MPH)
Runner from 3rd tags up, SCORES, no throw by CF
Batting: RHB Urs van Munster 0-0: Ball
1-0: Ball
2-0: Foul Ball, location: 2F
2-1: Ball
3-1: Fly out, F3 (Line Drive, 3, EV 71.9 MPH)
Lined into DP, U3 (Line Drive, 3, EV 68.8 MPH)
Bottom of the 9th over - 1 run, 2 hits, 0 errors, 1 left on base; Seattle 23 - Montana 9
Wednesday, July 8th, 2020 - OOTP Baseball 20.8 Build 74